 Dungeon Crawl Stone Soup version 0.28.0 (webtiles) character file.

Game seed: 12645028980845104462

6757 pkoi the Martial Artist (level 10, -1/84 HPs)
             Began as a Black Draconian Monk on Feb 4, 2022.
             Was an Elder of Makhleb.
             Slain by a komodo dragon (15 damage)
             ... on level 1 of the Lair of Beasts.
             The game lasted 00:18:32 (12281 turns).

pkoi the Martial Artist (Black Draconian Monk)     Turns: 12281, Time: 00:18:33

Health: -1/84      AC: 13    Str: 13    XL:     10   Next: 75%
Magic:  15/15      EV: 20    Int: 15    God:    Makhleb [****..]
Gold:   1567       SH:  0    Dex: 20    Spells: 9/14 levels left

rFire   . . .      SeeInvis .     - Unarmed
rCold   . . .      Faith    .   (no shield)
rNeg    . . .      Spirit   .   (armour unavailable)
rPois   +          Reflect  .   (helmet restricted)
rElec   +          Harm     .   B - +2 cloak {rPois}
rCorr   .          Rampage  .   k - +0 pair of gloves
Will    .....                   F - +1 pair of boots
Stlth   ++........              (no amulet)
HPRegen 0.24/turn               g - +4 ring of evasion
MPRegen 0.14/turn               z - +6 ring of dexterity

@: no status effects
A: breathe lightning, AC +7, unfitting armour, electricity resistance,
cold-blooded, stinger 1
a: Breathe Lightning, Renounce Religion, Minor Destruction, Lesser Servant of
Makhleb, Major Destruction


You were on level 1 of the Lair of Beasts.
You worshipped Makhleb.
Makhleb was greatly pleased with you.
You visited 2 branches of the dungeon, and saw 11 of its levels.
You also visited: Sewer.

You collected 1567 gold pieces.

Inventory:

Hand Weapons
 a - a +0 dagger
 h - a +0 dagger
 j - a +1 vorpal mace
Missiles
 f - 5 boomerangs of dispersal (quivered)
 p - 32 poisoned darts
 y - a throwing net
Armour
 k - a +0 pair of gloves (worn)
 B - a +2 cloak of poison resistance (worn)
 F - a +1 pair of boots (worn)
Jewellery
 e - an amulet of faith
 g - a +4 ring of evasion (left hand)
 r - a ring of resist corrosion
 z - a +6 ring of dexterity (right hand)
 H - a ring of protection from fire
Wands
 b - a wand of acid (4)
 o - a wand of iceblast (10)
 s - a wand of flame (8)
 C - a wand of paralysis (3)
Scrolls
 i - a scroll of silence
 l - 6 scrolls of noise
 q - 2 scrolls of immolation
 u - a scroll of vulnerability
 v - 5 scrolls of identify
 w - 2 scrolls of blinking
 D - a scroll of magic mapping
 E - a scroll of fog
Potions
 c - 2 potions of heal wounds
 d - 7 potions of curing
 m - 2 potions of invisibility
 n - a potion of brilliance
 t - a potion of flight {unknown}
 x - 2 potions of attraction {unknown}
 A - a potion of cancellation {unknown}
 G - 2 potions of magic {unknown}
 I - a potion of might


   Skills:
 + Level 6.8 Fighting
 + Level 5.8 Dodging
 - Level 1.7 Stealth
 + Level 11.1 Unarmed Combat
 + Level 2.9 Spellcasting
 + Level 3.3 Transmutations
 + Level 0.3 Air Magic
 + Level 7.3 Invocations
 + Level 5.1 Evocations


You had 9 spell levels left.
You knew the following spells:

 Your Spells              Type           Power      Damage    Failure   Level
a - Wereblood             Tmut           12%        N/A       8%          2
b - Swiftness             Air            3%         N/A       47%         3

Your spell library contained the following spells:

 Spells                   Type           Power      Damage    Failure   Level
 Passwall                 Tmut/Erth      5%         N/A       16%         2
 Slow                     Hex            8%         N/A       21%         1
 Ensorcelled Hibernation  Hex/Ice        4%         N/A       30%         2
 Sublimation of Blood     Necr           2%         N/A       30%         2
 Confusing Touch          Hex            2%         N/A       52%         3
 Tukima's Dance           Hex            2%         N/A       52%         3
 Vampiric Draining        Necr           2%         2d6       52%         3
 Anguish                  Hex/Necr       1%         N/A       90%         4
 Fulminant Prism          Conj/Hex       1%         3d6       90%         4
 Iskenderun's Mystic Bla  Conj/Tloc      2%         2d3       90%         4
 Summon Ice Beast         Ice/Summ       2%         N/A       90%         4
 Lee's Rapid Deconstruct  Erth           1%         3d5*      99%         5
 Enfeeble                 Hex            1%         N/A       100%        7
 Summon Hydra             Summ           1%         N/A       100%        7
 Dragon's Call            Summ           1%         N/A       100%        9


Dungeon Overview and Level Annotations

Branches:
Dungeon (10/15)            Temple (0/1) D:4            Lair (1/6) D:10
    Orc (0/2) D:9           Sewer (visited)

Altars:
Ashenzari
Cheibriados
Dithmenos
Elyvilon
Gozag
Hepliaklqana
Nemelex Xobeh
Ru
Trog
Uskayaw
Vehumet
Wu Jian
Xom
Yredelemnul
The Shining One

Annotations:
D:7 3 runed translucent doors, BeavisTheGrey's ghost, novice TrMo
D:8 2 transporters, crazypyro's ghost, novice DsFi


Innate Abilities, Weirdness & Mutations

You can breathe wild blasts of lightning.
Your glossy black scales are hard. (AC +7)
You cannot fit into any form of body armour.
You are resistant to electric shocks. (rElec)
You are cold-blooded and may be slowed by cold attacks.
Your tail ends in a venomous barb.


Message History

The komodo dragon misses you.
You barely miss the komodo dragon.
Your tail-slap misses the komodo dragon.
The komodo dragon is lightly wounded.
You closely miss the komodo dragon.
The komodo dragon is lightly wounded.
The komodo dragon barely misses you.
Aiming: Paralyse
Press: ? - help, Shift-Dir - straight line, f - komodo dragon
Aim: a komodo dragon (lightly wounded, chance to affect: 44%)
The komodo dragon resists with some effort.
The komodo dragon bites you but does no damage.
Aiming: Corrosive Bolt
Press: ? - help, Shift-Dir - straight line, f/p - komodo dragon
Aim: a komodo dragon (lightly wounded, 81% to hit)
The bolt of acid hits the komodo dragon!
The acid corrodes the komodo dragon!
The komodo dragon is moderately wounded.
The komodo dragon bites you.
* * * LOW HITPOINT WARNING * * *
You closely miss the komodo dragon.
The komodo dragon is moderately wounded.
The komodo dragon barely misses you.
A cane toad comes into view.
You punch the komodo dragon!
The komodo dragon is severely wounded.
The komodo dragon bites you!
* * * LOW HITPOINT WARNING * * *
You punch the komodo dragon! You punch the komodo dragon.
The komodo dragon is almost dead.
The komodo dragon misses you.
You closely miss the komodo dragon.
The komodo dragon is almost dead.
The cane toad stings you!
* * * LOW HITPOINT WARNING * * *
Unknown command.
You hit the komodo dragon.
The komodo dragon is almost dead.
The komodo dragon bites you!
You die...

#.. ..... #..
[....#
...##....###..
......[.......
.#...........
#............
##.F.......... .
#.#@..#.....##.
..#>.l..$........
..................
.>.##.......#......
.. #.............#
.....#........###
...#######.#.....#
### ## #..#...>.#
#P##..#.....#


You could see a komodo dragon (corroded) and a cane toad.

Vanquished Creatures
  A cane toad (Lair:1)
  Maggie (D:6)
  A troll (D:10)
  Grinder (Sewer)
  3 shadows (D:9)
  Sigmund (D:2)
  4 yaks (D:10)
  2 acid dragons
  2 water moccasins
  Duvessa (D:4)
  An ice beast (D:6)
  A black bear (Lair:1)
  2 necrophages
  2 ogres (D:5)
  A centaur (D:8)
  A phantom (D:5)
  3 kobold brigands
  Blork the orc (D:6)
  3 bullfrogs
  A scorpion (D:4)
  A wyvern zombie (D:8)
  A gnoll sergeant (D:8)
  Dowan (D:4)
  9 killer bees (D:10)
  A water moccasin skeleton (D:4)
  2 troll zombies (D:9)
  13 wights
  5 howler monkeys (D:8)
  2 quasits (Sewer)
  A bullfrog zombie (D:5)
  3 centaur zombies
  2 jellies (D:6)
  Crazy Yiuf (D:6)
  A bullfrog skeleton (D:5)
  2 centaur skeletons
  5 hounds
  3 gnoll shamans
  2 iguanas
  An orc wizard (D:9)
  4 ogre zombies (D:9)
  A hound skeleton (D:4)
  2 howler monkey zombies (D:9)
  A howler monkey skeleton (D:5)
  18 gnolls
  5 adders
  3 shadow imps (Sewer)
  5 ufetubi (Sewer)
  2 worms
  6 orcs
  6 ball pythons
  5 bats
  2 bat zombies
  5 endoplasms
  7 giant cockroaches
  5 goblins
  3 hobgoblins (D:1)
  4 jackals (D:1)
  33 kobolds
  4 quokkas
  2 ball python zombies (D:2)
  3 frilled lizards
  A giant cockroach zombie (Sewer)
  3 goblin skeletons (D:9)
  2 goblin zombies (D:9)
  A hobgoblin skeleton (D:9)
  2 hobgoblin zombies (D:9)
  A kobold zombie (Sewer)
  4 orc skeletons (D:9)
  7 orc zombies (D:9)
  4 rats (D:1)
240 creatures vanquished.

Vanquished Creatures (others)
  An endoplasm (Sewer)
  2 kobold zombies (Sewer)
  A plant (Lair:1)
  3 withered plants (D:2)
7 creatures vanquished.

Grand Total: 247 creatures vanquished

Notes
Turn   | Place    | Note
-------+----------+-------------------------------------------
     0 | D:1      | pkoi the Draconian Monk began the quest for the Orb.
     0 | D:1      | Reached XP level 1. HP: 19/19 MP: 1/1
   314 | D:1      | Found a faded altar of an unknown god.
   325 | D:1      | Reached XP level 2. HP: 26/26 MP: 2/2
   670 | D:1      | Reached skill level 4 in Unarmed Combat
   985 | D:1      | Reached XP level 3. HP: 31/31 MP: 3/3
  1379 | D:2      | Found the +7 Kryia's mail coat {PotionHeal*2 rC+}
  1522 | D:2      | Noticed Sigmund
  2601 | D:4      | Gained mutation: Your magical capacity is low. (-10% MP)
                  | [potion of mutation]
  2605 | D:4      | Lost mutation: Your magical capacity is low. (-10% MP)
                  | [potion of mutation]
  2605 | D:4      | Gained mutation: Your tail ends in a venomous barb. [potion
                  | of mutation]
  2633 | D:4      | Noticed Dowan
  2634 | D:4      | Noticed Duvessa
  2654 | D:4      | Killed Duvessa
  2655 | D:4      | Reached skill level 5 in Unarmed Combat
  2655 | D:4      | Reached XP level 4. HP: 31/38 MP: 4/4
  2655 | D:4      | Reached XP level 5. HP: 36/45 MP: 5/5
  2655 | D:4      | Killed Dowan
  2656 | D:4      | Reached skill level 6 in Unarmed Combat
  2839 | D:4      | Reached XP level 6. HP: 46/51 MP: 6/6
  2850 | D:4      | Found a glowing drain.
  2870 | Sewer    | Entered a sewer
  3056 | Sewer    | Reached skill level 7 in Unarmed Combat
  3278 | Sewer    | Found a burning altar of Makhleb.
  3284 | Sewer    | Noticed Grinder
  3316 | Sewer    | Paralysed by Grinder for 6 turns
  3333 | Sewer    | Killed Grinder
  3334 | Sewer    | Reached skill level 8 in Unarmed Combat
  3334 | Sewer    | Your scales start taking on a glossy black colour.
  3334 | Sewer    | Reached XP level 7. HP: 10/57 MP: 7/7
  3334 | Sewer    | Gained mutation: You are resistant to electric shocks.
                  | (rElec) [Black Draconian growth]
  3344 | Sewer    | HP: 2/57 [kobold (5)]
  3648 | Sewer    | Became a worshipper of Makhleb the Destroyer
  3648 | Sewer    | Reached * piety under Makhleb
  3648 | Sewer    | Reached ** piety under Makhleb
  3934 | D:4      | Found a staircase to the Ecumenical Temple.
  4140 | D:4      | Reached skill level 1 in Invocations
  4256 | D:5      | Entered Level 5 of the Dungeon
  4276 | D:5      | Reached skill level 9 in Unarmed Combat
  4462 | D:5      | Reached XP level 8. HP: 60/66 MP: 9/9
  4773 | D:5      | Reached skill level 1 in Evocations
  4984 | D:5      | Found a white marble altar of Elyvilon.
  5481 | D:6      | Got the Incunabulum of Companions
  5530 | D:6      | Noticed Maggie
  5839 | D:6      | Killed Maggie
  6016 | D:6      | Noticed Blork the orc
  6026 | D:6      | Killed Blork the orc
  6312 | D:6      | Found a runed translucent door.
  6313 | D:6      | Noticed Crazy Yiuf
  6322 | D:6      | Killed Crazy Yiuf
  6323 | D:6      | Reached XP level 9. HP: 73/73 MP: 12/12
  6521 | D:6      | Found a glowing golden altar of the Shining One.
  6779 | D:6      | Reached skill level 10 in Unarmed Combat
  6799 | D:6      | Reached *** piety under Makhleb
  6917 | D:6      | Found an ornate altar of the Wu Jian Council.
  7307 | D:2      | Killed Sigmund
  7308 | D:2      | Reached skill level 5 in Invocations
  7609 | D:7      | Found a sparkling altar of Nemelex Xobeh.
  7617 | D:7      | Reached skill level 5 in Fighting
  7696 | D:7      | Learned a level 2 spell: Wereblood
  7708 | D:7      | Found a snail-covered altar of Cheibriados.
  7778 | D:7      | Found a shadowy altar of Dithmenos.
  8072 | D:7      | Identified the +4 whip "Seaddeng" {vorpal, Contam rCorr
                  | Int+3 Dex+4}
  8242 | D:7      | Found a runed translucent gate.
  8242 | D:7      | Found a runed translucent gate.
  8242 | D:7      | Found an opulent altar of Gozag.
  8243 | D:7      | Found a runed translucent gate.
  8243 | D:7      | Noticed a komodo dragon
  8244 | D:7      | Noticed BeavisTheGrey's ghost (novice TrMo)
  8528 | D:8      | Noticed a moth of wrath
  8532 | D:8      | Found a transporter.
  8545 | D:8      | Found a bloodstained altar of Trog.
  8552 | D:8      | Found a transporter.
  8552 | D:8      | Noticed a troll
  8554 | D:8      | Noticed crazypyro's ghost (novice DsFi)
  9468 | D:8      | Found a broken altar of Ashenzari.
  9520 | D:8      | Found a hide-covered altar of Uskayaw.
  9527 | D:8      | Found a shimmering altar of Xom.
  9530 | D:8      | Found a sacrificial altar of Ru.
  9532 | D:8      | Found a radiant altar of Vehumet.
  9538 | D:8      | Found a hazy altar of Hepliaklqana.
  9745 | D:8      | Reached skill level 1 in Transmutations
  9918 | D:8      | Reached skill level 1 in Spellcasting
 10178 | D:9      | Reached skill level 5 in Dodging
 10178 | D:9      | Reached XP level 10. HP: 51/83 MP: 14/14
 10607 | D:9      | Found a staircase to the Orcish Mines.
 10613 | D:9      | Reached **** piety under Makhleb
 10776 | D:9      | Noticed a tengu warrior
 10919 | D:10     | Entered Level 10 of the Dungeon
 10925 | D:10     | Found a staircase to the Lair.
 10933 | D:9      | Found a basalt altar of Yredelemnul.
 11098 | D:10     | Identified a scroll of acquirement
 11098 | D:10     | Acquired 1019 gold pieces
 11866 | D:10     | Reached skill level 11 in Unarmed Combat
 12214 | Lair:1   | Entered Level 1 of the Lair of Beasts
 12214 | Lair:1   | Noticed a cane toad
 12218 | Lair:1   | Killed a cane toad
 12219 | Lair:1   | Reached skill level 5 in Evocations
 12224 | Lair:1   | Learned a level 3 spell: Swiftness
 12277 | Lair:1   | Noticed a cane toad
 12281 | Lair:1   | Slain by a komodo dragon

Illustrated notes

Levels and vault maps discovered:
D:1:      minmay_arrival_up_and_down, layout_basic,
          shapermc_ecumenical_altar_starsandcircs
D:2:      layout_loops_cross, serial_undead, serial_undead_c, serial_undead_e,
          serial_undead_c, serial_undead_b, serial_undead_f, serial_undead_f,
          uniq_sigmund
D:3:      layout_loops_ring, minivault_24
D:4:      cheibrodos_helix_gallery, layout_basic, minmay_temple_entry_poolview,
          portal_sewer_entry_a, uniq_duvessa
D:5:      layout_gridville, mainiacjoe_overflow_alcove_1, minmay_misc_feat_rows,
          nicolae_concentric_dashed_squares_mild, minivault_19, st_stairs_11,
          minmay_misc_feat_columns, due_unseen_surprise
D:6:      layout_loops_ring, nicolae_wu_jian_glorious_leap,
          mainiacjoe_overflow_alcove_4, serial_rivers,
          chequers_serial_rivers_marsh, chequers_serial_rivers_micro_a,
          chequers_serial_rivers_small_a, chequers_serial_rivers_micro_c,
          chequers_serial_rivers_large_a, chequers_serial_rivers_micro_c,
          roderic_lattice_a, hex_large, uniq_blork_the_orc,
          uniq_crazy_yiuf_cottage, uniq_maggie
D:7:      layout_basic, nemelex_xobeh_ov_fountains_minmay,
          nicolae_dithmenos_through_a_glass_darkly,
          mainiacjoe_overflow_chevrons, ebering_ghost_gozag
D:8:      layout_layer_cave, ashenzari_conservatory_becter,
          nicolae_overflow_hallway_of_the_gods,
          gammafunk_ghost_wrathful_warriors
D:9:      layout_basic, yredelemnul_altar_generic, zombieorc1_lemuel,
          grunt_ministairs_13, hangedman_fish_farm
D:10:     nicolae_cairo_tiling_large, layout_basic, lair_entry_dummy
Lair:1:   layout_misc_corridors, special_room [special_room_bee],
          lemuel_fruit_tree

Skill      XL: |  1  2  3  4  5  6  7  8  9 10 |
---------------+-------------------------------+-----
Unarmed Combat | 4 5 6 8 9 10 11 | 11.1
Invocations    | 2 4 6 7 |  7.3
Dodging        | 3 4 5 |  5.8
Fighting       | 4 5 6 |  6.8
Evocations     | 2 3 5 |  5.1
Transmutations | 1 3 |  3.3
Spellcasting   | 1 2 |  2.9
Stealth        | |  1.7
Air Magic      | |  0.3

Action                   |  1- 3 |  4- 6 |  7- 9 | 10-12 || total
-------------------------+-------+-------+-------+-------++-------
Melee: Unarmed           |   163 |   111 |   481 |   210 ||   965
       Tailslap          |    23 |    16 |    83 |    40 ||   162
       Punch             |     3 |     4 |    31 |    22 ||    60
 Cast: Wereblood         |       |       |     6 |    10 ||    16
 Abil: Breathe Lightning |       |       |     1 |       ||     1
Evoke: Wand              |     1 |     5 |       |     5 ||    11
  Use: Potion            |     6 |       |     1 |       ||     7
       Scroll            |     1 |       |     3 |    10 ||    14
 Stab: Sleeping          |     4 |     1 |     5 |     1 ||    11
       Distracted        |       |       |       |     1 ||     1
Armor: Skin              |    53 |    70 |   105 |    66 ||   294
Dodge: Dodged            |    99 |   160 |   414 |   178 ||   851
